 Dungeon Crawl Stone Soup version 0.17.1-1-g73c8601 (webtiles) character file.

4032 Implojin the Fighter (level 10, -1/110 HPs)
             Began as a Troll Monk on Apr 6, 2016.
             Was a Priest of Cheibriados.
             Killed from afar by a kobold (20 damage)
             ... with a wand of cold
             ... in a bailey.
             The game lasted 00:16:27 (2325 turns).

Implojin the Fighter (Troll Monk)                   Turns: 2325, Time: 00:16:27

Health: -1/110     AC:  5    Str: 29    XL:     10   Next: 4%
Magic:  9/9        EV: 11    Int: 14    God:    Cheibriados [***...]
Gold:   214        SH:  0    Dex: 23    Spells: 0 memorised, 9 levels left

rFire  . . .     SeeInvis .       - Unarmed
rCold  . . .     Clarity  .     a - +0 robe
rNeg   . . .     SustAt   .     (no shield)
rPois  .         Gourm    +     (helmet restricted)
rElec  .         Spirit   .     (no cloak)
rCorr  .         Warding  .     (gloves unavailable)
rMut   .         Stasis   .     (boots unavailable)
MR     .....                    (no amulet)
Stlth  ++........               (no ring)
                                v - ring of flight

@: very slow, not resistant to hostile enchantments, unstealthy
A: unfitting armour, claws 3, fast metabolism 3, gourmand, regeneration 2,
shaggy fur 1, tough skin 2
a: Bend Time, Temporal Distortion, Renounce Religion, Evoke Flight


You were in a bailey.
You worshipped Cheibriados.
Cheibriados was most pleased with you.
You were not hungry.

You visited 2 branches of the dungeon, and saw 12 of its levels.
You also visited: Bailey.

You collected 214 gold pieces.

Inventory:

Missiles
 c - 9 tomahawks
 m - 34 tomahawks of returning (quivered)
Armour
 a - a +0 robe (worn)
 d - a +0 shield
Jewellery
 v - a ring of flight (left claw)
Wands
 e - a wand of paralysis (16)
 l - a wand of heal wounds (1)
 n - a wand of cold (0)
 u - a wand of random effects (32)
Scrolls
 f - 2 scrolls of blinking
 o - a scroll of remove curse
 s - 2 scrolls of fear {unknown}
 w - a scroll of amnesia
 x - a scroll of enchant armour {unknown}
Potions
 g - a potion of cancellation
 h - 2 potions of curing
 i - a potion of ambrosia {unknown}
 k - a potion of heal wounds {unknown}
 p - a potion of brilliance {unknown}
 q - a potion of might {unknown}
 r - a potion of degeneration {unknown}
 t - 2 potions of mutation
Comestibles
 b - 4 bread rations
 j - 3 meat rations


   Skills:
 - Level 10.0 Fighting
 - Level 2.4 Dodging
 - Level 1.1 Stealth
 * Level 9.8 Unarmed Combat


You had 9 spell levels left.
You didn't know any spells.

Dungeon Overview and Level Annotations

Branches:
Dungeon (11/15)            Temple (1/1) D:4            Lair (0/8) D:8
    Orc: D:9-12

Altars:
Ashenzari
Cheibriados
Dithmenos
Elyvilon
Fedhas
Gozag
Kikubaaqudgha
Makhleb
Nemelex Xobeh
Qazlal
Ru
Sif Muna
Trog
Vehumet
Xom
Yredelemnul
Zin
The Shining One

Shops:
D:4 :

Annotations:
D:10 1 runed door
D:11 Nergalle


Innate Abilities, Weirdness & Mutations

You are too large for most types of armour.
You have claws for hands.
Your metabolism is lightning-fast.
You like to eat raw meat.
You heal very quickly.
You are covered in fur (AC +1).
You have very tough skin (AC +2).


Message History

Aim: a kobold Nothing appears to happen.
The goblin misses you.
Unknown command.
Evoke which item? (* to show all) (? for menu, Esc to quit)
Zapping:
l - a wand of heal wounds (3)
Press: ? - help, Shift-Dir - straight line, f - you, p - kobold You feel much better.
This wand has 2 charges left.
The goblin hits you but does no damage.
Unknown command.
You scratch the goblin but do no damage.
You scratch the goblin but do no damage.
The goblin hits you with a hand axe!
* * * LOW HITPOINT WARNING * * *
You claw the goblin!
You kill the goblin!
Cheibriados appreciates the change of pace.
You mangle the orc warrior!!
You kill the orc warrior!
Cheibriados appreciates the change of pace.
You have reached level 10!
Evoke which item? (* to show all) (? for menu, Esc to quit)
Zapping:
l - a wand of heal wounds (2)
Press: ? - help, Shift-Dir - straight line, f - you You feel much better.
This wand has 1 charge left.
Unknown command.
You mangle the orc warrior!!
The orc warrior is heavily wounded.
The orc warrior hits you with a war axe.
* * * LOW HITPOINT WARNING * * *
You barely miss the orc warrior.
The orc warrior is heavily wounded.
The orc warrior hits you with a war axe!!
* * * LOW HITPOINT WARNING * * *
You mangle the orc warrior!!
You kill the orc warrior!
Cheibriados appreciates the change of pace.
The kobold zaps a wand.
The bolt of cold hits you!
* * * LOW HITPOINT WARNING * * *
It is a wand of cold.
The kobold zaps a wand.
The bolt of cold hits you!
You die...

#.# #############.###########
####........†).....†.......##
##......).)..#########.......#
##.........#'## ######..##
#.....⌠....#..# #..# #...#
##......)###..# #K.# #....
###.....)}#.)####'####..' #..≈≈
#......###...@K...)....###.≈≈≈
≈≈≈≈≈......#..####'####..#†≈≈≈≈≈
≈≈≈≈≈≈≈≈≈≈.####..Kg.o.####≈≈≈≈≈≈
##.....≈≈≈≈≈≈K#.KoKogo#∩≈≈≈≈≈###
##......≈≈≈≈≈#########≈≈≈≈###
##.......≈≈≈≈≈≈≈≈≈≈≈≈≈≈###
###........≈≈≈≈≈≈≈≈≈###
####............(## #......∩.(##


You could see a kobold.

Vanquished Creatures
  The ghost of stupendous the Carver, a novice MiFi of Okawaru (Bailey)
  Pikel (D:5)
  The ghost of Implojin the Grappler, a novice VSMo of Okawaru (D:10)
  Sigmund (D:5)
  A hungry ghost (D:8)
  A soldier ant (D:10)
  A sky beast (D:5)
  3 ice beasts (D:7)
  10 orc warriors
  A centaur (D:5)
  An ogre (D:9)
  A scorpion (D:10)
  A killer bee (D:10)
  A crimson imp (D:7)
  A centaur skeleton (D:6)
  3 iguanas
  3 orc priests
  5 worker ants (D:10)
  4 orc wizards
  6 adders
  5 shadow imps
  5 gnolls
  An adder zombie (D:5)
  4 giant geckos
  22 orcs
  4 giant cockroaches
  6 goblins
  A hobgoblin (Bailey)
  13 kobolds
  5 quokkas
  A giant newt (D:6)
  A jackal skeleton (D:6)
  A rat (D:2)
116 creatures vanquished.

Vanquished Creatures (others)
  A slave (D:5)
1 creature vanquished.

Grand Total: 117 creatures vanquished

Notes
Turn   | Place    | Note
--------------------------------------------------------------
     0 | D:1      | Implojin the Troll Monk began the quest for the Orb.
     0 | D:1      | Reached XP level 1. HP: 22/22 MP: 0/0
     2 | D:2      | Found a faded altar to an unknown god.
    62 | D:3      | Noticed an orc priest
    83 | D:3      | Killed an orc priest
    83 | D:3      | Reached skill level 5 in Unarmed Combat
    83 | D:3      | Reached XP level 2. HP: 29/29 MP: 1/1
    83 | D:3      | Reached XP level 3. HP: 36/36 MP: 2/2
   130 | D:3      | Reached XP level 4. HP: 29/44 MP: 3/3
   197 | D:3      | Reached skill level 6 in Unarmed Combat
   271 | D:4      | Found Somaqasm's Book Shop.
   302 | D:5      | Entered Level 5 of the Dungeon
   371 | D:5      | Noticed a sky beast
   408 | D:5      | Killed a sky beast
   408 | D:5      | Reached skill level 3 in Fighting
   408 | D:5      | Reached XP level 5. HP: 16/54 MP: 4/4
   484 | D:5      | Found a blossoming altar of Fedhas.
   486 | D:5      | Noticed Sigmund
   501 | D:5      | Killed Sigmund
   501 | D:5      | Reached skill level 4 in Fighting
   501 | D:5      | Reached XP level 6. HP: 43/63 MP: 5/5
   535 | D:4      | Reached skill level 5 in Fighting
   640 | D:5      | Noticed a centaur
   650 | D:5      | Killed a centaur
   650 | D:5      | Reached XP level 7. HP: 32/72 MP: 6/6
   682 | D:5      | Found a stormy altar of Qazlal.
   740 | D:5      | Noticed a slave
   741 | D:5      | Noticed a slave
   742 | D:5      | Noticed Pikel
   742 | D:5      | Noticed a slave
   744 | D:5      | Noticed a slave
   759 | D:5      | Killed Pikel
   759 | D:5      | Reached skill level 7 in Fighting
   787 | D:5      | Killed a freed slave
   812 | D:6      | Reached XP level 8. HP: 35/87 MP: 7/7
   904 | D:8      | Found a staircase to the Lair.
   911 | D:8      | Reached skill level 7 in Unarmed Combat
  1075 | D:7      | Reached skill level 8 in Unarmed Combat
  1227 | D:7      | Found a white marble altar of Elyvilon.
  1330 | D:7      | Reached skill level 9 in Unarmed Combat
  1640 | D:4      | Found a staircase to the Ecumenical Temple.
  1670 | Temple   | Entered the Ecumenical Temple
  1677 | Temple   | Became a worshipper of Cheibriados the Contemplative
  1677 | Temple   | Reached * piety under Cheibriados
  1677 | Temple   | Reached ** piety under Cheibriados
  1773 | D:7      | You fall through a shaft for 2 floors!
  1797 | D:10     | Entered Level 10 of the Dungeon
  1818 | D:9      | Reached XP level 9. HP: 60/93 MP: 8/8
  1884 | D:11     | Noticed Nergalle
  1954 | D:10     | Found a runed door.
  1956 | D:10     | Found a runed door.
  1971 | D:10     | Reached skill level 8 in Fighting
  2077 | D:10     | Noticed Implojin's ghost (novice VSMo)
  2078 | D:10     | Found a flagged portal.
  2088 | D:10     | Killed Implojin's ghost
  2088 | D:10     | Reached *** piety under Cheibriados
  2088 | D:10     | Reached skill level 9 in Fighting
  2114 | Bailey   | Entered a bailey
  2127 | Bailey   | Noticed stupendous's ghost (novice MiFi)
  2157 | Bailey   | Killed stupendous's ghost
  2229 | Bailey   | Reached skill level 10 in Fighting
  2320 | Bailey   | Reached XP level 10. HP: 30/110 MP: 9/9
  2325 | Bailey   | Killed from afar by a kobold

Action                   |  1- 3 |  4- 6 |  7- 9 | 10-12 || total
-------------------------+-------+-------+-------+-------++-------
Melee: Unarmed           |    29 |    75 |   262 |     3 ||   369
Throw: Tomahawk          |       |       |     4 |       ||     4
 Abil: Evoke Flight      |       |       |     1 |       ||     1
Evoke: Wand              |       |       |    10 |     1 ||    11
  Use: Scroll            |       |       |    11 |       ||    11
 Stab: Sleeping          |       |     1 |       |       ||     1
  Eat: Chunk             |     6 |     1 |    15 |       ||    22

Table legend:
 A = Turns spent in this place as a percentage of turns spent in the entire game.
 B = Non-inter-level travel turns spent in this place as a percentage of non-inter-level travel turns spent in the entire game.
 C = Inter-level travel turns spent in this place as a percentage of turns spent in this place.
 D = Turns resting spent in this place as a percentage of non-inter-level travel turns spent in this place.
 E = Turns spent auto-exploring this place as a percentage of non-inter-level travel turns spent in this place.
 F = Non-inter-level travel turns spent in this place divided by the number of levels of this place that you've seen.
                   A       B       C       D       E      F
               +-------+-------+-------+-------+-------+----------------------
         Total | 100.0 | 100.0 |   0.0 |   0.1 |   0.0 | 176.0
       Dungeon |  88.8 |  88.8 |   0.0 |   0.0 |   0.0 | 184.7
        Temple |   0.7 |   0.7 |   0.0 |   0.0 |   0.0 |  16.0
        Bailey |  10.5 |  10.5 |   0.0 |   0.8 |   0.0 | 240.0
               +-------+-------+-------+-------+-------+----------------------

Table legend:
 A = Kills in this place as a percentage of kills in entire the game.
 B = Kills by you in this place as a percentage of kills by you in the entire game.
 C = Kills by friends in this place as a percentage of kills by friends in the entire game.
 D = Other kills in this place as a percentage of other kills in the entire game.
 E = Experience gained in this place as a percentage of experience gained in the entire game.
 F = Experience gained in this place divided by the number of levels of this place that you have seen.
                   A       B       C       D       E      F
               +-------+-------+-------+-------+-------+----------------------
         Total | 100.0 | 100.0 |  -nan |  -nan | 100.0 | 443.2
       Dungeon |  79.3 |  79.3 |  -nan |  -nan |  70.0 | 366.4
        Bailey |  20.7 |  20.7 |  -nan |  -nan |  30.0 | 1731.0
               +-------+-------+-------+-------+-------+----------------------
